[Event "Wednesday Jan 31 Engine Tour 9 Rd Swiss 12m+1s Starts at 1600hrs ST"]
[Site "Infinity Chess"]
[Date "2018.1.31"]
[Round "3"]
[White "BraveDevil"]
[Black "CrapCleaner"]
[Result "1/2-1/2"]
[ECO "C58"]
[WhiteElo "2400"]
[BlackElo "2421"]
[WhiteEngine "Cryptic AIL V2"]
[BlackEngine "Eman 1.68c 64-bit BMI2_CTG"]
[EventType "Swiss"]
[WhiteTeam ""]
[BlackTeam ""]
[PlyCount "82"]
[TimeControl "720+1"]

1. e4 e5 2. Nf3 Nc6 3. Bc4 Nf6 4. Ng5 d5 5. exd5 Na5 6. Bb5+ c6 7. dxc6 bxc6 
8. Bd3 Nd5 9. h4 h6 10. Qh5 Qf6 11. Ne4 Qe6 12. Ng3 g6 13. Qd1 f5 14. Be2 Bg7 
15. d3 Qe7 16. Bd2 Nb7 17. Nc3 Rb8 18. Qc1 Nd6 19. Rb1 O-O 20. Bxh6 Bxh6 
21. Qxh6 Nf4 22. Qg5 Rf6 23. Nf1 Nxe2 24. Kxe2 e4 25. dxe4 Nxe4 26. Nxe4 Qxe4+ 
27. Ne3 Ba6+ 28. Kd1 Rd6+ 29. Kc1 f4 30. Rd1 Rb5 31. Qg4 Rxd1+ 32. Nxd1 Rc5 
33. Nc3 Qe1+ 34. Qd1 Qxf2 35. Qd8+ Kh7 36. Qe7+ Kh6 37. b4 Rxc3 38. Qf8+ Kh7 
39. Qe7+ Kh6 40. Qf8+ Kh7 41. Qe7+ Kh6 1/2-1/2

[Event "Wednesday Jan 31 Engine Tour 9 Rd Swiss 12m+1s Starts at 1600hrs ST"]
[Site "Infinity Chess"]
[Date "2018.1.31"]
[Round "3"]
[White "Time_bandit"]
[Black "Dovahkiin"]
[Result "1-0"]
[ECO "D05"]
[WhiteElo "2475"]
[BlackElo "2383"]
[WhiteEngine "asmfish-popcnt-012018-W"]
[BlackEngine "BrainFish_180128_x64_modern_CTG"]
[EventType "Swiss"]
[WhiteTeam ""]
[BlackTeam ""]
[PlyCount "152"]
[TimeControl "720+1"]

1. d4 d5 2. Nf3 Nf6 3. e3 e6 4. Bd3 c5 5. b3 Nc6 6. O-O Be7 7. Bb2 O-O 
8. Nbd2 cxd4 9. exd4 b6 10. c4 Bb7 11. Rc1 Rc8 12. Re1 a5 13. Qe2 Qc7 14. a3 Qf4 
15. Nf1 Rfd8 16. Ne3 g6 17. cxd5 exd5 18. Bb5 Qb8 19. h3 Bd6 20. Bxc6 Rxc6 
21. Rxc6 Bxc6 22. Ne5 Qb7 23. Qf3 Kg7 24. N3g4 Nxg4 25. Nxg4 f5 26. Ne5 Re8 
27. h4 Kg8 28. h5 Re7 29. Bc1 Be8 30. Bg5 Re6 31. Re2 Bb5 32. Rc2 Be8 33. Bf4 b5 
34. Nd3 Bxf4 35. Qxf4 a4 36. bxa4 bxa4 37. Ne5 Qb1+ 38. Rc1 Qb3 39. hxg6 hxg6 
40. Qh4 Qb7 41. Qd8 Qb6 42. Qxd5 Kg7 43. Nc4 Qc6 44. Qa5 Qb5 45. Qc3 Kf8 
46. Ne5 Qb8 47. Qc4 Rd6 48. Rc3 Qd8 49. Rh3 Kg7 50. Qc3 Rd5 51. Qc1 Rxd4 
52. Qh6+ Kf6 53. Re3 Re4 54. Rd3 Qc7 55. Nf3 Qc5 56. Rc3 Qe7 57. Rc8 Qb7 
58. Rd8 Qg7 59. Rd6+ Kf7 60. Ng5+ Kg8 61. Qxg7+ Kxg7 62. Nxe4 fxe4 63. Kh2 Kh6 
64. Kg3 Kg5 65. Rd5+ Kh6 66. Kf4 Bf7 67. Rd6 Ba2 68. g4 Bb1 69. Rd7 g5+ 
70. Kf5 e3+ 71. Kf6 exf2 72. Rd1 Be4 73. Rf1 Bf3 74. Rxf2 Bxg4 75. Rg2 Bd1 
76. Rxg5 Bb3 1-0

[Event "Wednesday Jan 31 Engine Tour 9 Rd Swiss 12m+1s Starts at 1600hrs ST"]
[Site "Infinity Chess"]
[Date "2018.1.31"]
[Round "3"]
[White "star99"]
[Black "Dinkelberger"]
[Result "1/2-1/2"]
[ECO "A46"]
[WhiteElo "2384"]
[BlackElo "2381"]
[WhiteEngine "Cryptic AIL V2"]
[BlackEngine "stockfish_18013111_x64_modern_CTG"]
[EventType "Swiss"]
[WhiteTeam ""]
[BlackTeam ""]
[PlyCount "169"]
[TimeControl "720+1"]

1. d4 Nf6 2. Nf3 d5 3. c4 e6 4. Nc3 Be7 5. Bf4 O-O 6. e3 Nbd7 7. c5 Nh5 
8. b4 Nxf4 9. exf4 c6 10. Bd3 a5 11. b5 b6 12. bxc6 Nb8 13. cxb6 Qxb6 
14. Rb1 Qxc6 15. Qc2 Ba6 16. Ne5 Qc8 17. Bxh7+ Kh8 18. Bd3 Bb4 19. Rb3 Nc6 
20. Nxc6 Qxc6 21. O-O Rfc8 22. Bxa6 Qxa6 23. Qb2 Kg8 24. Na4 Qc6 25. a3 Bf8 
26. Nc5 Bxc5 27. dxc5 Qxc5 28. Rg3 d4 29. Rd3 Rd8 30. g3 Rab8 31. Qa1 Rb7 
32. Rfd1 Rbd7 33. Qa2 g6 34. Qe2 Kg7 35. h4 Rd5 36. Kg2 Kf8 37. R1d2 Qb6 
38. Qe4 Qc5 39. Rd1 Ke7 40. Rb1 Qc7 41. Rbd1 Qc2 42. Qf3 Qc4 43. Qe4 Kf8 
44. Qf3 Ke7 45. Qe4 Qc5 46. Qe2 Kf6 47. Qd2 Qd6 48. Kg1 Qb6 49. Kg2 Qc6 
50. Kg1 Kg7 51. Qe2 Qc5 52. Qe4 Kh7 53. Re1 Rh8 54. Rb1 Rhd8 55. Kg2 Kg7 
56. Rbd1 Kh6 57. Rf3 Kg7 58. Rfd3 Qc4 59. R1d2 Kh7 60. Kg1 Kh8 61. Kg2 Kh7 
62. Kh2 R8d6 63. Kg2 Kg7 64. Kh3 Qc6 65. Kg2 Qc5 66. Qf3 Qb5 67. Qe4 Qb1 
68. Rd1 Qc2 69. R1d2 Qc4 70. Kh3 Qa4 71. Kg2 Kf6 72. Rd1 Qc4 73. Re1 Ke7 
74. Red1 Rd8 75. R1d2 Kf6 76. Kh3 Qc8 77. Kg2 Qc5 78. Kh2 Ke7 79. Kg2 Qb6 
80. Kh2 Qb1 81. Qe2 Qb5 82. Qd1 Qb6 83. Kg2 R8d7 84. Qa4 Qb7 85. Qc6 1/2-1/2

[Event "Wednesday Jan 31 Engine Tour 9 Rd Swiss 12m+1s Starts at 1600hrs ST"]
[Site "Infinity Chess"]
[Date "2018.1.31"]
[Round "3"]
[White "ivrdurant"]
[Black "Ryzen"]
[Result "1/2-1/2"]
[ECO "B00"]
[WhiteElo "2386"]
[BlackElo "2384"]
[WhiteEngine "Raubfisch X37c_CTG"]
[BlackEngine "Houdini 6"]
[EventType "Swiss"]
[WhiteTeam ""]
[BlackTeam ""]
[PlyCount "224"]
[TimeControl "720+1"]

1. e4 a6 2. d4 b5 3. Nf3 Bb7 4. Bd3 e6 5. O-O c5 6. c3 cxd4 7. cxd4 Nf6 
8. Re1 Be7 9. Nc3 b4 10. Na4 d6 11. Bd2 d5 12. e5 Ne4 13. Be3 O-O 14. Rc1 Bc6 
15. Qc2 Kh8 16. Bxe4 dxe4 17. Nd2 a5 18. Nxe4 Bd5 19. f3 Nd7 20. b3 Rc8 
21. Qxc8 Qxc8 22. Rxc8 Rxc8 23. Rc1 Rxc1+ 24. Bxc1 h6 25. Kf2 Kh7 26. Ke2 Bc6 
27. Nb2 Nb6 28. Kd3 Bb5+ 29. Nc4 a4 30. Bd2 g5 31. Nc5 axb3 32. axb3 Nd5 
33. Kc2 Kg6 34. Kd1 Bxc4 35. bxc4 Nb6 36. Bxb4 Nxc4 37. Ke2 Nb6 38. Kd3 Nd5 
39. Bd2 Bd8 40. g3 Ne7 41. Bb4 Nd5 42. Bd2 Ne7 43. g4 Nd5 44. Kc4 Be7 
45. Ne4 Kg7 46. Kb5 Ba3 47. Nd6 Bb2 48. Kc4 f6 49. exf6+ Nxf6 50. Nb5 e5 
51. dxe5 Bxe5 52. h3 Nd7 53. Kd5 Nb6+ 54. Kc5 Na4+ 55. Kc4 Kf6 56. Kd5 Nb6+ 
57. Ke4 Nc4 58. Be1 Bf4 59. Nd4 Kg6 60. Nc6 Nd2+ 61. Bxd2 Bxd2 62. Ke5 Kg7 
63. Kf5 Be1 64. Nd4 Kf7 65. Ke4 Bb4 66. Nf5 Kg6 67. Ke5 Bc3+ 68. Ke6 Bb4 
69. Nd4 Be1 70. Nf5 Bb4 71. Kd5 Bc3 72. Nd6 Bb4 73. Ne4 Ba5 74. Nd6 Bb4 
75. Nf5 Bc3 76. Ne3 Kf7 77. Kd6 Bb4+ 78. Ke5 Be1 79. Kf5 Bf2 80. Nc4 Bg3 
81. Nd2 Be1 82. Nb3 Bf2 83. Na5 Be1 84. Nb3 Bf2 85. Na5 Be1 86. Nb7 Kg7 
87. Nc5 Kf7 88. Nb7 Kg7 89. Nc5 Kf7 90. Ne4 Bb4 91. Ng3 Be1 92. Ne4 Bb4 
93. Ke5 Kg7 94. Ke6 Kg6 95. Nf6 Bd2 96. Nd5 Be1 97. Ne7+ Kg7 98. Ke5 Kf7 
99. Nc8 Bg3+ 100. Kd5 Kf6 101. Na7 Be1 102. Nc8 Bg3 103. Nd6 Be1 104. Kd4 Bf2+ 
105. Ke4 Kg6 106. Nc8 Kf6 107. Nd6 Kg6 108. f4 gxf4 109. Kxf4 h5 110. Nc4 hxg4 
111. hxg4 Bh4 112. Ke4 Kg5 1/2-1/2

[Event "Wednesday Jan 31 Engine Tour 9 Rd Swiss 12m+1s Starts at 1600hrs ST"]
[Site "Infinity Chess"]
[Date "2018.1.31"]
[Round "3"]
[White "Cepri"]
[Black "tris77"]
[Result "1/2-1/2"]
[ECO "B50"]
[WhiteElo "2423"]
[BlackElo "2405"]
[WhiteEngine "asmFishW_07N17_CTG"]
[BlackEngine "stockfish_18012814_x64_modern_CTG"]
[EventType "Swiss"]
[WhiteTeam ""]
[BlackTeam ""]
[PlyCount "160"]
[TimeControl "720+1"]

1. e4 c5 2. Nf3 d6 3. Nc3 Nf6 4. d4 cxd4 5. Nxd4 a6 6. Be3 e5 7. Nf3 Be7 
8. Bc4 O-O 9. O-O Qc7 10. Bb3 Nbd7 11. h3 Rb8 12. a4 Nc5 13. Nd5 Nxd5 
14. Bxd5 Be6 15. b4 Bxd5 16. Qxd5 Nd7 17. c4 Rfc8 18. Rfc1 b6 19. Nd2 g6 
20. Qd3 a5 21. b5 Kg7 22. Rc3 Nc5 23. Bxc5 Qxc5 24. Rd1 h5 25. Nf1 Bg5 
26. Qc2 Rd8 27. Rd5 Qc7 28. Nh2 Qe7 29. Nf3 Bf6 30. Qd3 h4 31. Qe3 Qe6 
32. Rcd3 Rdc8 33. Rc3 Rd8 34. Rc1 Qe8 35. Qd2 Qe7 36. Rc2 Rbc8 37. Qe3 Rb8 
38. Kh2 Qe6 39. Rc3 Qe7 40. Kh1 Rdc8 41. Kh2 Rd8 42. Rc2 Qe6 43. Rcd2 Qe7 
44. Rd1 Qc7 45. Rc1 Qb7 46. Rdd1 Rbc8 47. Rd5 Rc7 48. Rc3 Be7 49. Nd2 Qb8 
50. Kg1 Qb7 51. Rc2 Rc5 52. Nb3 Rc7 53. Rc1 Rdd7 54. Kh2 Qb8 55. Rc2 Qc8 
56. Qd3 Rd8 57. Nd2 Rc5 58. Qc3 Bg5 59. Nb3 Rc7 60. Qd3 Bf4+ 61. Kg1 Rdd7 
62. Qf1 Qd8 63. Qd3 Qc8 64. Kf1 Kg8 65. Ke2 Qd8 66. Kd1 Kg7 67. Ke2 Qe7 
68. Kd1 Bg5 69. Nd2 Rc5 70. Nf3 Bf4 71. Ke2 Rd8 72. Ke1 Qf6 73. Qe2 Rcc8 
74. Kf1 Qe7 75. Qe1 Rh8 76. Rc3 Qf6 77. Qd1 Rhd8 78. Kg1 Qe7 79. Qe1 Rh8 
80. Qe2 Qf6 1/2-1/2

[Event "Wednesday Jan 31 Engine Tour 9 Rd Swiss 12m+1s Starts at 1600hrs ST"]
[Site "Infinity Chess"]
[Date "2018.1.31"]
[Round "3"]
[White "hafaba"]
[Black "HOBO"]
[Result "1/2-1/2"]
[ECO "A46"]
[WhiteElo "2448"]
[BlackElo "2431"]
[WhiteEngine "SF_SL_FA_64BIT_POPCNT_CTG"]
[BlackEngine "stockfish_18011309_x64_modern_CTG"]
[EventType "Swiss"]
[WhiteTeam ""]
[BlackTeam ""]
[PlyCount "126"]
[TimeControl "720+1"]

1. d4 Nf6 2. Nf3 d5 3. c4 e6 4. Nc3 c6 5. e3 Nbd7 6. Qc2 Bd6 7. Bd3 dxc4 
8. Bxc4 O-O 9. O-O a6 10. a4 c5 11. dxc5 Bxc5 12. Ne4 Nxe4 13. Qxe4 Nf6 
14. Qh4 Nd5 15. Qh5 b6 16. Rd1 Nf6 17. Rxd8 Nxh5 18. Rd1 Bb7 19. b3 Nf6 
20. Bb2 Rfc8 21. Ne5 Bd5 22. Kf1 Bxc4+ 23. Nxc4 b5 24. Ne5 h5 25. Ke2 Nd5 
26. Rdc1 Bd6 27. Nc6 g5 28. g3 g4 29. e4 Nb4 30. axb5 axb5 31. Nxb4 Bxb4 
32. Rxa8 Rxa8 33. Bd4 Kh7 34. Rc7 Ra2+ 35. Kf1 Kg6 36. Rb7 Ra5 37. Kg2 f6 
38. h3 e5 39. Be3 Bc3 40. hxg4 hxg4 41. Bc5 Bd4 42. Bxd4 exd4 43. b4 Ra4 
44. Rxb5 d3 45. Rd5 Rxb4 46. Rxd3 Rxe4 47. Rb3 Rc4 48. Kf1 Rc1+ 49. Kg2 Rc4 
50. Rb5 Re4 51. Ra5 Kh7 52. Ra6 Kg6 53. Ra8 f5 54. Ra6+ Kf7 55. Ra7+ Ke6 
56. Ra8 Rb4 57. Re8+ Kd5 58. Rd8+ Ke5 59. Re8+ Kd5 60. Rd8+ Ke5 61. Re8+ Kd4 
62. Rf8 Ke4 63. Re8+ Kd5 1/2-1/2

[Event "Wednesday Jan 31 Engine Tour 9 Rd Swiss 12m+1s Starts at 1600hrs ST"]
[Site "Infinity Chess"]
[Date "2018.1.31"]
[Round "3"]
[White "Vimtiroba"]
[Black "RonWeasley"]
[Result "1/2-1/2 "]
[ECO "C02"]
[WhiteElo "2462"]
[BlackElo "2466"]
[WhiteEngine "SF@J30 cc_CTG"]
[BlackEngine "BrainFish 060118_CTG"]
[EventType "Swiss"]
[WhiteTeam ""]
[BlackTeam ""]
[PlyCount "257"]
[TimeControl "720+1"]

1. e4 e6 2. d4 d5 3. e5 c5 4. c3 Nc6 5. Nf3 Qb6 6. a3 c4 7. Nbd2 Na5 8. Be2 Bd7 
9. O-O Ne7 10. Rb1 h6 11. Re1 Nf5 12. Qc2 Be7 13. h3 Qc7 14. Bd1 g5 15. g4 Ng7 
16. b3 cxb3 17. Nxb3 Nc4 18. Qa2 Ba4 19. Qe2 Bc6 20. Nbd2 Nb6 21. Nb3 Na4 
22. Bd2 Bxa3 23. c4 Nb2 24. Rxb2 Bxb2 25. Bb4 dxc4 26. Qxc4 a5 27. Bd6 Qb6 
28. Qc2 a4 29. Qxb2 axb3 30. Bxb3 Qd8 31. Nh2 h5 32. Rc1 Kd7 33. Bc4 Ne8 
34. Qxb7+ Qc7 35. Qxa8 Bxa8 36. Bxc7 Nxc7 37. gxh5 Rxh5 38. Rc3 Rh4 39. Ng4 Bd5 
40. Be2 Kd8 41. Ra3 Ne8 42. Kh2 Ng7 43. Ra7 Nf5 44. Bd1 Nxd4 45. Rxf7 Bc6 
46. Rf8+ Ke7 47. Rg8 Bb5 48. Kg2 Bc6+ 49. Kg3 Nf5+ 50. Kh2 Bb5 51. Rxg5 Bf1 
52. Nf6 Rxh3+ 53. Kg1 Bd3 54. Kg2 Rh4 55. Bg4 Kf7 56. Bh5+ Ke7 57. Bg4 Rh8 
58. Rh5 Rxh5 59. Bxh5 Kf8 60. Kf3 Ng7 61. Bg4 Nf5 62. Ne4 Nh4+ 63. Ke3 Bc4 
64. Nc5 Ke7 65. Ne4 Bd5 66. Bd1 Kf7 67. Nf6 Bc6 68. Bh5+ Ke7 69. Kf4 Ng2+ 
70. Kg3 Ne1 71. Bg6 Bb7 72. Bh7 Nf3 73. Kf4 Ne1 74. Bg6 Ng2+ 75. Kg5 Ne1 
76. Kf4 Bc6 77. Kg5 Kf8 78. Kf4 Ke7 79. Ng4 Bb5 80. Be4 Nd3+ 81. Bxd3 Bxd3 
82. Nf6 Kf8 83. Kg5 Kg7 84. Nh5+ Kf7 85. Kh4 Bc2 86. Nf4 Bb1 87. Kh5 Ba2 
88. Kg4 Bb1 89. Kh5 Ba2 90. Kg5 Bb1 91. Ne2 Bc2 92. Nc1 Be4 93. Nb3 Bb1 
94. Nd2 Bc2 95. Kh6 Bd3 96. Nb3 Bb1 97. Nc1 Bc2 98. Ne2 Be4 99. Nd4 Bd3 
100. Nc6 Bf5 101. Nd8+ Kg8 102. Kh5 Kf8 103. Nb7 Bb1 104. Kg5 Kg7 105. f3 Ba2 
106. Nc5 Bc4 107. f4 Bd5 108. Nd3 Kf7 109. Nf2 Bb3 110. Kh5 Kg7 111. Kg5 Bc4 
112. Ne4 Bb3 113. Nc5 Bd5 114. Na4 Be4 115. Nc3 Bg2 116. Nb5 Bd5 117. Nc7 Ba2 
118. Ne8+ Kf7 119. Nf6 Bb3 120. Nd7 Bd5 121. Kh5 Bh1 122. Nc5 Bd5 123. Kh6 Bf3 
124. Kg5 Bd5 125. Na6 Be4 126. Nc5 Bh1 127. Na4 Bg2 128. Nb2 Bc6 129. Nd3 
1/2-1/2

[Event "Wednesday Jan 31 Engine Tour 9 Rd Swiss 12m+1s Starts at 1600hrs ST"]
[Site "Infinity Chess"]
[Date "2018.1.31"]
[Round "3"]
[White "Ninja_Bp"]
[Black "Eman"]
[Result "1/2-1/2"]
[ECO "A06"]
[WhiteElo "2475"]
[BlackElo "2486"]
[WhiteEngine "Houdini 6_CTG"]
[BlackEngine "Eman 1.69 64-bit POPCNT"]
[EventType "Swiss"]
[WhiteTeam ""]
[BlackTeam ""]
[PlyCount "128"]
[TimeControl "720+1"]

1. Nf3 d5 2. d4 Nf6 3. e3 c5 4. c4 cxd4 5. exd4 g6 6. cxd5 Nxd5 7. Qb3 Bg7 
8. Bc4 e6 9. Bg5 Qb6 10. Nc3 h6 11. Bh4 Nc6 12. Bxd5 exd5 13. Qxb6 axb6 
14. Nxd5 O-O 15. O-O Ra5 16. Ne7+ Kh7 17. Rfc1 Bd7 18. Nxc6 Bxc6 19. Rd1 Rc8 
20. Ne5 Bd5 21. a3 Rc2 22. Be7 Rxb2 23. Bb4 Ra8 24. Rac1 h5 25. Rc7 Kg8 
26. Rd7 Bc6 27. Nxc6 bxc6 28. g3 Rc2 29. Be7 Rb2 30. Rc7 Re2 31. Rd3 Re4 
32. Rd7 Ra5 33. Bd8 Rb5 34. Kg2 Rb2 35. Bc7 Ree2 36. Rd8+ Kh7 37. Rf3 f5 
38. Bf4 Re4 39. Rd7 Kg8 40. Re3 Rxe3 41. Bxe3 Rc2 42. Rd6 Kf7 43. d5 cxd5 
44. Rd7+ Kg8 45. Bxb6 Ra2 46. Bc5 d4 47. Bxd4 Bxd4 48. Rxd4 Rxa3 49. Rd7 Ra2 
50. h4 Ra3 51. f3 Ra2+ 52. Kh3 Ra3 53. Kg2 Ra2+ 54. Kh3 Ra4 55. Rb7 Ra3 
56. f4 Ra1 57. Rb3 Ra4 58. Rb7 Ra2 59. Rb6 Kf7 60. Rb7+ Kf6 61. Rb6+ Kg7 
62. Rb7+ Kf6 63. Rb6+ Kg7 64. Rb7+ Kf6 1/2-1/2

[Event "Wednesday Jan 31 Engine Tour 9 Rd Swiss 12m+1s Starts at 1600hrs ST"]
[Site "Infinity Chess"]
[Date "2018.1.31"]
[Round "3"]
[White "SkyPilot"]
[Black "MCDermont"]
[Result "1/2-1/2"]
[ECO "C11"]
[WhiteElo "2512"]
[BlackElo "2486"]
[WhiteEngine "stockfish_x64_bmi2_2018_01_23_CTG"]
[BlackEngine "BrainFish 060118_CTG"]
[EventType "Swiss"]
[WhiteTeam ""]
[BlackTeam ""]
[PlyCount "147"]
[TimeControl "720+1"]

1. e4 e6 2. d4 d5 3. Nc3 Nf6 4. e5 Nfd7 5. f4 c5 6. Nf3 Nc6 7. Be3 cxd4 
8. Nxd4 Qb6 9. Be2 Bc5 10. Na4 Qa5+ 11. c3 Nxd4 12. Bxd4 Bxd4 13. Qxd4 b6 
14. Bd1 Qa6 15. Be2 Qa5 16. Bd1 Ba6 17. b4 Qb5 18. Nb2 Qc6 19. Ba4 Qc7 
20. c4 dxc4 21. b5 Bb7 22. Nxc4 O-O 23. O-O Nc5 24. Nd6 Nxa4 25. Qxa4 Qc5+ 
26. Rf2 Bd5 27. Qc2 Qxc2 28. Rxc2 a6 29. bxa6 Rxa6 30. Nc8 Ba8 31. a3 b5 
32. Rac1 h6 33. Rc3 Ra4 34. g3 b4 35. axb4 Rxb4 36. Nd6 Bb7 37. Rc4 Rb2 
38. Nxb7 Rxb7 39. R1c2 Kh7 40. Kg2 Rb5 41. Rc7 g5 42. Rf2 Kg7 43. Kh3 gxf4 
44. gxf4 Rb3+ 45. Kg4 Kg6 46. Rg2 Kh7 47. Kh5 Rf3 48. Rc4 Rh3+ 49. Kg4 Ra3 
50. Kh5 Rh3+ 51. Kg4 Re3 52. Kh4 Rd8 53. Rg3 Re2 54. h3 Rd7 55. Rb4 Red2 
56. Kg4 Kg6 57. Rb8 h5+ 58. Kh4+ Kf5 59. Rb4 f6 60. exf6 Kxf6 61. Rb5 R2d5 
62. Rb8 Ke7 63. Rg7+ Kf6 64. Rxd7 Rxd7 65. Kxh5 Rd4 66. h4 Rd5+ 67. Kg4 Rd1 
68. Rf8+ Kg7 69. Rb8 Rg1+ 70. Kh5 Kf6 71. f5 Kxf5 72. Rb2 Kf4 73. Rf2+ Ke3 
74. Ra2 1/2-1/2

[Event "Wednesday Jan 31 Engine Tour 9 Rd Swiss 12m+1s Starts at 1600hrs ST"]
[Site "Infinity Chess"]
[Date "2018.1.31"]
[Round "3"]
[White "KhalidOmar"]
[Black "Satria_Ungu"]
[Result "1-0"]
[ECO "A40"]
[WhiteElo "2439"]
[BlackElo "2377"]
[WhiteEngine "Eman 1.69 64-bit BMI2"]
[BlackEngine "Houdini 6_CTG"]
[EventType "Swiss"]
[WhiteTeam ""]
[BlackTeam ""]
[PlyCount "223"]
[TimeControl "720+1"]

1. d4 c6 2. Nf3 Nf6 3. Bf4 Nh5 4. Bd2 Nf6 5. c4 d5 6. e3 e6 7. Nc3 Nbd7 
8. Qc2 Bd6 9. e4 Nxe4 10. Nxe4 dxe4 11. Qxe4 c5 12. O-O-O Nf6 13. Qh4 cxd4 
14. Nxd4 Bd7 15. Bd3 Qc7 16. Bc3 Be7 17. Qh3 Qf4+ 18. Rd2 h6 19. Re1 b5 
20. cxb5 Rc8 21. Qe3 Qc7 22. Qg3 Qxg3 23. fxg3 Nd5 24. Rc2 Bf6 25. Re4 Nxc3 
26. Rxc3 O-O 27. a4 g6 28. Kb1 Bh8 29. Rxc8 Rxc8 30. Nf3 Kf8 31. Re2 Ke7 
32. Ka2 f5 33. Kb3 Kd6 34. Rd2 Ke7 35. Re2 Kd6 36. Nd2 Rc5 37. Kb4 Rd5 
38. Bc4 Re5 39. Rf2 Bf6 40. Nf3 Re4 41. Rc2 Kc7 42. Nd2 Rd4 43. Nb3 Re4 
44. Nc1 Be7+ 45. Kb3 Kb6 46. Ne2 Bc8 47. Nc3 Re3 48. Rd2 g5 49. Bf1 g4 
50. Rd1 h5 51. Kc2 Kc7 52. a5 Re5 53. Kb3 Bg5 54. a6 Bd7 55. Kb4 Be7+ 
56. Ka5 Rc5 57. Ka4 Bf6 58. Rc1 Kb6 59. Rd1 Kc7 60. Kb4 Be7 61. Kb3 Re5 
62. Bc4 Be8 63. Ka4 Kb6 64. b4 Re3 65. Ne2 Re5 66. Nd4 Re4 67. Kb3 Re3+ 
68. Bd3 Re5 69. Bf1 Re4 70. Nc2 h4 71. gxh4 Bxh4 72. g3 Be7 73. Ka4 Bg5 
74. Na3 Be7 75. Nc4+ Kc7 76. Rc1 Kb8 77. Bg2 Rd4 78. Bc6 Bxc6 79. bxc6 Kc7 
80. Rc3 f4 81. gxf4 Rxf4 82. b5 Bf6 83. Rc2 Bd4 84. Rd2 e5 85. Kb4 Rf5 
86. Rg2 Rf4 87. h3 e4 88. hxg4 e3 89. Rh2 Rf7 90. g5 Re7 91. Re2 Rg7 
92. Nxe3 Rxg5 93. Nc4 Bc5+ 94. Kb3 Rg3+ 95. Kc2 Rh3 96. Rd2 Rh7 97. Rd5 Bg1 
98. Ne5 Kc8 99. Rd7 Rh2+ 100. Kc3 Rh3+ 101. Kb4 Rh4+ 102. Nc4 Kb8 103. Rb7+ Kc8 
104. b6 Bxb6 105. Rxb6 Rh1 106. Rb7 Rd1 107. Rxa7 Rb1+ 108. Kc5 Kd8 109. Rh7 Ke8 
110. a7 Kf8 111. a8=Q+ Rb8 112. Qxb8# 1-0

[Event "Wednesday Jan 31 Engine Tour 9 Rd Swiss 12m+1s Starts at 1600hrs ST"]
[Site "Infinity Chess"]
[Date "2018.1.31"]
[Round "3"]
[White "angriff"]
[Black "MarioDeMonti"]
[Result "1/2-1/2"]
[ECO "A46"]
[WhiteElo "2432"]
[BlackElo "2488"]
[WhiteEngine "SF_SL_FA_64BIT_POPCNT_CTG"]
[BlackEngine "stockfish_x64_bmi2_2018_01_23_CTG"]
[EventType "Swiss"]
[WhiteTeam ""]
[BlackTeam ""]
[PlyCount "134"]
[TimeControl "720+1"]

1. d4 Nf6 2. Nf3 d5 3. c4 e6 4. Nc3 c6 5. e3 Nbd7 6. Qc2 Bd6 7. Bd3 O-O 
8. O-O dxc4 9. Bxc4 b5 10. Be2 Bb7 11. Bd2 Qb8 12. Rac1 Re8 13. Ne4 Nxe4 
14. Qxe4 c5 15. Qh4 Be7 16. Qh3 b4 17. Bc4 Rd8 18. dxc5 Bxf3 19. Qxf3 Nxc5 
20. Rc2 a5 21. Rfc1 Ra7 22. e4 Rxd2 23. Rxd2 Bg5 24. Rdd1 Bxc1 25. Rxc1 Nd7 
26. Bf1 g6 27. Qg3 Qb6 28. Rc4 h6 29. a3 Kg7 30. axb4 axb4 31. Qb3 Rb7 
32. Qg3 Nf6 33. Qb3 h5 34. h3 Qd6 35. Qa4 Nd7 36. Qa5 Ne5 37. Rc8 Qd4 
38. Qc5 Qxc5 39. Rxc5 Nd7 40. Rb5 Rxb5 41. Bxb5 Nc5 42. e5 g5 43. Kf1 h4 
44. Ke2 f6 45. exf6+ Kxf6 46. g3 e5 47. gxh4 gxh4 48. Kd2 Ne6 49. Ke3 Nc5 
50. Bc4 Kg5 51. b3 Kf5 52. Bd5 Kg5 53. f3 Kf5 54. Bg8 Kf6 55. Bc4 Kg5 
56. Bf7 Kf5 57. Bc4 Kg5 58. Bf7 Kh6 59. f4 exf4+ 60. Kxf4 Nd3+ 61. Ke3 Ne5 
62. Be8 Kg5 63. Ke4 Ng6 64. Bxg6 Kxg6 65. Kf4 Kf6 66. Kg4 Ke5 67. Kxh4 Kd4 
1/2-1/2

[Event "Wednesday Jan 31 Engine Tour 9 Rd Swiss 12m+1s Starts at 1600hrs ST"]
[Site "Infinity Chess"]
[Date "2018.1.31"]
[Round "2"]
[White "Time_bandit"]
[Black "Dinkelberger"]
[Result "1/2-1/2"]
[ECO "A46"]
[WhiteElo "2479"]
[BlackElo "2377"]
[WhiteEngine "asmfish-popcnt-012018-W"]
[BlackEngine "stockfish_18013111_x64_modern_CTG"]
[EventType "Swiss"]
[WhiteTeam ""]
[BlackTeam ""]
[PlyCount "99"]
[TimeControl "720+1"]

1. d4 Nf6 2. Nf3 d5 3. e3 e6 4. Bd3 b6 5. b3 Bd6 6. Nbd2 Bb7 7. Bb2 O-O 
8. O-O Qe7 9. c4 Ne4 10. Rc1 Na6 11. a3 c5 12. dxc5 Naxc5 13. Bc2 Nxd2 
14. Nxd2 Ne4 15. cxd5 Nxd2 16. Qxd2 Bxd5 17. e4 Bb7 18. b4 Rfd8 19. Qe3 Rac8 
20. g3 Ba6 21. Rfe1 Qe8 22. Red1 Bf8 23. Rxd8 Rxd8 24. Bd1 Qb5 25. Bf3 Rc8 
26. h3 Rxc1+ 27. Qxc1 e5 28. Bg2 f6 29. Qd1 Qd3 30. Qxd3 Bxd3 31. f4 exf4 
32. gxf4 Bd6 33. Bc1 h6 34. Kf2 g5 35. e5 Be7 36. exf6 Bxf6 37. fxg5 hxg5 
38. Bc6 Bf5 39. Kg2 Kf7 40. a4 a5 41. Bd2 axb4 42. Bxb4 Bd8 43. Bd2 Ke6 
44. Bf3 Bg6 45. Kg3 Ke5 46. Be3 Be8 47. Kg4 Bxa4 48. Bxg5 Bd7+ 49. Kh4 Bxg5+ 
50. Kxg5 1/2-1/2

[Event "Wednesday Jan 31 Engine Tour 9 Rd Swiss 12m+1s Starts at 1600hrs ST"]
[Site "Infinity Chess"]
[Date "2018.1.31"]
[Round "2"]
[White "Dovahkiin"]
[Black "star99"]
[Result "1/2-1/2"]
[ECO "B23"]
[WhiteElo "2383"]
[BlackElo "2384"]
[WhiteEngine "BrainFish_180128_x64_modern_CTG"]
[BlackEngine "Cryptic AIL V2"]
[EventType "Swiss"]
[WhiteTeam ""]
[BlackTeam ""]
[PlyCount "160"]
[TimeControl "720+1"]

1. e4 c5 2. Nc3 Nc6 3. Nge2 Nf6 4. d4 cxd4 5. Nxd4 e5 6. Ndb5 d6 7. Nd5 Nxd5 
8. exd5 Nb8 9. a4 Be7 10. Be2 O-O 11. O-O Nd7 12. Bd2 a6 13. Na3 a5 14. f4 f5 
15. Bb5 exf4 16. Bxf4 g5 17. Be3 f4 18. Bd4 Ne5 19. c3 Bf5 20. Qd2 f3 
21. Bxe5 dxe5 22. Rxf3 g4 23. Rg3 Bg5 24. Re3 Bd7 25. Bxd7 Qxd7 26. Nc4 b5 
27. axb5 Qxb5 28. h4 Bf4 29. Qe2 Qc5 30. Qxg4+ Kh8 31. Qe2 Rac8 32. Ra4 Rf6 
33. b3 Bxe3+ 34. Qxe3 Qxe3+ 35. Nxe3 Rxc3 36. Nc4 Rxb3 37. Rxa5 e4 38. Ra8+ Kg7 
39. Re8 Rd3 40. Re7+ Kg8 41. Rxe4 Rxd5 42. g4 Kf7 43. Kg2 Re6 44. Rf4+ Kg6 
45. Kf2 Re8 46. Kg3 Re1 47. Kf2 Re6 48. Kg3 h5 49. Kf2 hxg4 50. Rxg4+ Kh7 
51. Ne3 Rd3 52. Rg3 Re4 53. Nf5 Rf4+ 54. Ke2 Rd8 55. Rf3 Ra4 56. Kf2 Rd1 
57. Kg3 Rc1 58. Ne3 Rg1+ 59. Ng2 Ra2 60. Rf7+ Kg8 61. Rf2 Ra3+ 62. Rf3 Raa1 
63. Rf4 Kg7 64. Kh2 Rgb1 65. Kg3 Rg1 66. Kh2 Rgc1 67. Kg3 Kh7 68. Rf5 Rg1 
69. Kh2 Rgb1 70. Kg3 Rg1 71. Kh2 Rgb1 72. Kg3 Ra2 73. Rf7+ Kh8 74. Rf2 Ra6 
75. Rf5 Ra3+ 76. Rf3 Ra2 77. Rf2 Rxf2 78. Kxf2 Rb2+ 79. Kf3 Rb1 80. Nf4 Ra1 
1/2-1/2

[Event "Wednesday Jan 31 Engine Tour 9 Rd Swiss 12m+1s Starts at 1600hrs ST"]
[Site "Infinity Chess"]
[Date "2018.1.31"]
[Round "2"]
[White "tris77"]
[Black "ivrdurant"]
[Result "1/2-1/2"]
[ECO "C77"]
[WhiteElo "2406"]
[BlackElo "2385"]
[WhiteEngine "stockfish_18012814_x64_modern_CTG"]
[BlackEngine "Raubfisch X37c_CTG"]
[EventType "Swiss"]
[WhiteTeam ""]
[BlackTeam ""]
[PlyCount "115"]
[TimeControl "720+1"]

1. e4 e5 2. Nf3 Nc6 3. Bb5 a6 4. Ba4 Nf6 5. O-O Be7 6. Re1 b5 7. Bb3 O-O 
8. c3 d6 9. h3 Nb8 10. d4 Nbd7 11. Nbd2 Bb7 12. Bc2 Re8 13. a4 Bf8 14. b4 Nb6 
15. a5 Nbd7 16. Bb2 Rc8 17. Rc1 exd4 18. cxd4 g6 19. Ng5 Nh5 20. Ndf3 h6 
21. Nxf7 Kxf7 22. e5 Nf4 23. g3 Nxh3+ 24. Kf1 dxe5 25. dxe5 Kg8 26. e6 Nc5 
27. bxc5 Qxd1 28. Bxd1 Bd5 29. Nh4 Ng5 30. Nxg6 Bxe6 31. f4 Bg7 32. Bxg7 Bh3+ 
33. Kf2 Rxe1 34. Kxe1 Kxg7 35. Ne5 Rd8 36. Rc3 Ne4 37. Re3 Rd4 38. g4 Bg2 
39. Rd3 Rxd3 40. Nxd3 Kf6 41. Bb3 Bf1 42. Kxf1 Nd2+ 43. Ke2 Nxb3 44. Ke3 Ke6 
45. Ke4 Nd2+ 46. Ke3 Nb3 47. Ke4 Nxa5 48. Nb4 c6 49. f5+ Kf7 50. Nxa6 Kf6 
51. Nb4 Nb3 52. Nxc6 Nxc5+ 53. Kd5 Nd7 54. Kd6 Nb6 55. Kc5 Nc4 56. Kxb5 Ne3 
57. g5+ Kxg5 58. f6 1/2-1/2